Map: Fracture LE

Players

Serral

  • Race: Zerg Zerg
  • Spawn Location: 5:00

Stats - Winner!

  • Race: Protoss Protoss
  • Spawn Location: 11:00

Event: 2018 WCS Global Finals

VOD

https://youtu.be/h0UBfmOJYO4?t=3510

Description

Time

  • Played on: Nov. 3, 2018, 8:05 p.m.
  • Length: 11:44

All games in this series

Show
View Real Time Build Order
Export as new Build Order

Serral Zerg 

Build Orders: Hatch First, Swarm Host 

Get SALT Encoding   

  12  0:00  Drone  
  13  0:12  Overlord  
  13  0:16  Drone  
  14  0:40  Hatchery  
  13  0:44  Drone  
  13  0:48  Drone  
  15  0:51  Drone  
  15  0:55  Drone  
  17  1:11  Spawning Pool  
  17  1:13  Extractor  
  17  1:16  Drone  
  16  1:20  Drone  
  17  1:29  Drone  
  18  1:38  Drone  
  19  1:48  Drone  
  20  1:59  Queen x2  
  20  2:01  Zergling x4  
  26  2:09  Overlord  
  26  2:12  Drone  
  27  2:15  Metabolic Boost  
  27  2:18  Drone  
  28  2:28  Drone  
  28  2:29  Drone  
  30  2:31  Drone  
  30  2:35  Drone  
  32  2:47  Hatchery  
  32  2:49  Zergling x2  
  32  2:54  Overlord  
  31  2:59  Drone x2  
  31  3:04  Drone  
  34  3:07  Drone  
  34  3:08  Drone  
  36  3:13  Spore Crawler  
  36  3:14  Overlord  
  36  3:19  Drone x2  
  36  3:20  Queen  
  36  3:26  Spore Crawler  
  37  3:29  Overlord  
  37  3:33  Zergling x2  
  39  3:35  Drone  
  39  3:37  Roach Warren  
  39  3:38  Drone  
  40  3:42  Drone x2  
  42  3:48  Lair  
  42  3:51  Drone  
  42  3:52  Drone  
  42  3:54  Drone  
  45  3:56  Drone  
  45  3:59  Drone  
  45  4:00  Drone  
  45  4:02  Drone  
  49  4:04  Extractor  
  49  4:05  Extractor  
  49  4:08  Drone  
  48  4:10  Drone  
  48  4:12  Drone x2  
  48  4:13  Drone  
  48  4:16  Overlord  
  52  4:21  Roach x2  
  56  4:26  Spore Crawler  
  56  4:27  Roach  
  56  4:28  Zergling x2  
  58  4:35  Roach x3  
  64  4:41  Evolution Chamber  
  64  4:42  Roach  
  65  4:45  Overseer  
  62  4:55  Roach  
  62  4:56  Overlord x3  
  62  4:58  Overlord  
  64  5:04  Overlord  
  64  5:07  Drone x2  
  64  5:10  Overlord  
  64  5:13  Zerg Missile Weapons Level 1  
  64  5:14  Overlord  
  63  5:17  Roach  
  63  5:21  Roach x2  
  69  5:31  Roach x2  
  69  5:32  Roach x2  
  71  5:44  Drone x6  
  71  5:48  Drone  
  77  5:51  Drone  
  77  5:52  Drone  
  79  5:57  Overlord  
  79  6:07  Extractor  
  79  6:08  Drone x2  
  79  6:09  Drone  
  79  6:10  Extractor  
  80  6:13  Overlord, Infestation Pit  
  80  6:16  Drone  
  80  6:24  Drone x3  
  83  6:29  Extractor  
  83  6:31  Roach x2  
  87  6:35  Roach  
  87  6:41  Roach x2  
  87  6:43  Overlord  
  91  6:48  Overlord  
  91  6:51  Glial Reconstitution  
  91  6:58  Swarm Host x7  
  112  7:03  Swarm Host  
  115  7:10  Zergling x2  
  119  7:16  Roach x2  
  119  7:17  Roach x3  
  119  7:20  Ravager  
  127  7:25  Roach x4  
  127  7:26  Roach  
  127  7:27  Zergling x4  
  127  7:29  Queen x3  
  143  7:33  Overlord  
  143  7:35  Overlord  
  145  7:39  Overlord  
  145  7:46  Overlord  
  145  7:53  Roach x4  
  153  7:59  Overlord  
  153  8:00  Ravager x4  
  153  8:01  Roach x2  
  161  8:12  Swarm Host x2  
  160  8:24  Swarm Host x2  
  156  8:32  Swarm Host x2  
  158  8:37  Drone x5  
  158  8:38  Roach  
  158  8:40  Extractor  
  162  8:45  Zergling x2, Roach x7  
  177  8:53  Hatchery  
  176  8:56  Ravager  
  176  8:58  Ravager, Overlord x2  
  176  8:59  Overlord  
  176  9:01  Overlord  
  177  9:03  Overlord  
  177  9:07  Overlord  
  171  9:13  Roach  
  171  9:14  Roach x2  
  177  9:18  Evolution Chamber  
  177  9:21  Roach x5  
  187  9:24  Ravager x3  
  187  9:25  Ravager  
  190  9:37  Overseer  
  183  9:47  Zergling x20  
  186  9:53  Drone x3  
  186  9:56  Hive  
  186  9:57  Drone  
  190  10:01  Drone  
  190  10:02  Drone  
  190  10:06  Roach x5  
  198  10:11  Roach x3  
  198  10:14  Roach x3  
  198  10:18  Roach x2  
  195  10:33  Extractor  
  195  10:34  Extractor  
  192  10:38  Roach x3  
  189  11:03  Roach x12  
  194  11:08  Spire  
  193  11:18  Zergling x16  
Show
View Real Time Build Order
Export as new Build Order

Stats Protoss - Winner!

Build Orders: 1 Gate Expand, Archon Immortal, Zealot Archon, Archon Drop, Dark Templar Rush 

Get SALT Encoding   

  12  0:00  Probe  
  13  0:12  Probe  
  14  0:17  Pylon  
  14  0:24  Probe  
  15  0:32  Probe  
  15  0:40  Probe  
  16  0:44  Gateway  
  16  0:46  Assimilator  
  17  0:51  Probe  
  18  1:03  Probe  
  19  1:15  Probe  
  20  1:26  Nexus  
  20  1:35  Cybernetics Core  
  20  1:37  Probe  
  21  1:42  Assimilator  
  21  1:49  Probe  
  21  1:51  Pylon  
  22  2:01  Probe  
  22  2:02  Adept  
  23  2:14  Probe  
  26  2:22  Warp Gate  
  26  2:23  Adept  
  26  2:24  Twilight Council  
  26  2:26  Probe  
  29  2:35  Probe  
  29  2:38  Probe  
  29  2:43  Probe  
  31  2:45  Stalker  
  31  2:50  Probe  
  35  2:55  Probe  
  36  3:02  Robotics Facility  
  36  3:04  Probe  
  37  3:07  Probe  
  38  3:18  Probe  
  38  3:20  Probe  
  38  3:24  Dark Shrine  
  38  3:30  Probe  
  38  3:32  Probe  
  40  3:37  Gateway  
  40  3:39  Warp Prism, Gateway  
  40  3:40  Gateway  
  40  3:44  Probe x2  
  42  3:52  Assimilator  
  44  3:56  Assimilator  
  44  3:58  Pylon  
  44  4:00  Probe  
  44  4:02  Probe  
  46  4:16  Probe x2  
  48  4:18  Pylon  
  48  4:28  Probe  
  48  4:29  Probe  
  50  4:37  Dark Templar x4  
  58  4:40  Probe  
  59  4:57  Nexus  
  59  5:10  Charge  
  59  5:12  Observer  
  59  5:14  Pylon x2  
  59  5:17  Archon  
  59  5:18  Archon  
  60  5:22  Immortal  
  60  5:24  Gateway x2  
  60  5:27  Gateway  
  60  5:29  Gateway  
  60  5:33  Probe x2  
  66  5:45  Probe x2  
  68  5:50  Immortal  
  68  5:54  Pylon  
  72  6:05  Sentry x2  
  72  6:06  Sentry  
  72  6:09  Pylon  
  72  6:10  Probe  
  72  6:11  Probe x2  
  81  6:12  Sentry  
  81  6:18  Immortal  
  83  6:20  Pylon  
  83  6:22  Forge  
  83  6:23  Probe x3  
  90  6:38  Probe x3  
  93  6:42  Protoss Ground Weapons Level 1  
  93  6:45  Immortal  
  93  6:50  Probe x3  
  96  6:55  Zealot x4  
  96  6:57  Photon Cannon  
  96  6:59  Pylon  
  96  7:00  Zealot x2  
  112  7:06  Zealot  
  112  7:07  Zealot  
  116  7:12  Assimilator  
  116  7:13  Assimilator  
  116  7:15  Pylon  
  116  7:29  Dark Templar x4  
  124  7:33  Archon x2  
  124  7:34  Zealot x4  
  132  7:45  Pylon  
  132  7:46  Pylon  
  132  8:01  Templar Archives  
  132  8:03  Immortal  
  132  8:04  Zealot x2  
  140  8:05  Zealot  
  142  8:18  Psionic Storm  
  140  8:25  Zealot x8  
  132  8:38  Pylon  
  132  8:40  Pylon  
  132  8:41  Protoss Ground Weapons Level 2  
  132  8:42  Immortal, Pylon  
  132  8:46  High Templar x5  
  146  8:48  Pylon  
  146  8:52  High Templar  
  148  8:58  Pylon  
  148  9:00  Pylon  
  148  9:23  Zealot x5  
  158  9:25  Zealot x3  
  162  9:44  Immortal  
  146  9:48  Zealot x6  
  146  9:49  Zealot x2  
  156  10:11  High Templar x6  
  156  10:12  Zealot x2  
  158  10:34  Nexus  
  158  10:35  Pylon  
  156  10:36  High Templar x2  
  156  10:39  Immortal  
  156  10:40  Archon  
  160  10:48  Zealot x6  
  166  11:09  Zealot x8  
  166  11:31  Archon  
  158  11:34  Zealot x8  
Tags
 
Add a new tag
Caveats
  • Supply blocks, unpowered buildings, or Contaminate may cause inaccurate times.
  • Supply counts are checked every 10 seconds.